Maple Leafs vs Maroons

Created - 27 septembre 2019 at 13:22

Simulating a Pre-Season

Goals
1 2 3 T
Maple Leafs 0 2 0 2
Maroons 1 3 2 6
Shots
1 2 3 T
Maple Leafs 11 11 14 36
Maroons 10 15 15 40

1st period

1. Maroons , Brendan Gallagher 2 (Pierre-Luc Dubois 2, Bo Horvat 4) at 5:50 (PP)

Penalties :
Andrei Svechnikov (TOR) for Tripping (Minor) at 4:48, Nick Ritchie (MON) for Slashing (Minor) at 13:40

2nd period

2. Maple Leafs , Alex Iafallo 2 (Fredrik Claesson 1, Josh Archibald 2) at 2:09
3. Maroons , Pierre-Luc Dubois 2 (Bo Horvat 5) at 3:49
4. Maple Leafs , Ilya Kovalchuk 4 (Jesper Bratt 4) at 4:05
5. Maroons , Bo Horvat 4 (Ryan McDonagh 2, Pierre-Luc Dubois 3) at 6:49
6. Maroons , Alexander Kerfoot 2 (Nick Schmaltz 4, Cal Clutterbuck 2) at 10:12

Penalties :
Jacob Trouba (MON) for Tripping (Minor) at 14:29

3rd period

7. Maroons , Jay Beagle 1 (Torey Krug 4, Cal Clutterbuck 3) at 3:27
8. Maroons , Bo Horvat 5 (Pierre-Luc Dubois 4, Rasmus Sandin 1) at 14:10

Penalties :
Pierre-Luc Dubois (MON) for Interference (Minor) at 1:12, Blake Comeau (TOR) for High sticking (Minor) at 10:23, Jay Beagle (MON) for Fighting (Major) at 18:55, Mikhail Sergachev (TOR) for Fighting (Major) at 18:55

Goalie Stats

Anders Nilsson (TOR), 19 saves from 21 shots - (0,905), 29:48 minutes
Petr Mrazek (TOR), 15 saves from 19 shots - (0,789), L, 4-2-1, 30:12 minutes
John Gibson (MON), 34 saves from 36 shots - (0,944), W, 3-3-2, 60:00 minutes

Players Stats for Maple Leafs

Player Name              G  A  P  +/- PIM S  H  SB GA TA FO     MP     PP MP  PK MP  
------------------------------------------------------------------------------------
Alex Iafallo             1  0  1   0  0   4  2  0  0  0  0/1     8:04   0:00   0:39 
Andrei Svechnikov        0  0  0  -2  2   0  1  0  0  0  0/0     9:29   0:01   0:00 
Blake Comeau             0  0  0   0  2   3  0  0  0  0  0/2    18:01   2:43   0:16 
Bobby Ryan               0  0  0  -1  0   4  1  0  0  2  12/42  24:16   3:13   1:52 
Dmitry Kulikov           0  0  0  -1  0   1  2  3  0  0  0/0    19:50   2:50   1:11 
Fredrik Claesson         0  1  1  -1  0   0  1  1  0  0  0/0    14:18   3:07   0:00 
Ilya Kovalchuk           1  0  1  -1  0   2  0  0  0  0  0/0    24:16   3:13   1:52 
Jake Debrusk             0  0  0  -2  0   1  0  2  0  0  0/2     9:30   0:01   0:00 
Jesper Bratt             0  1  1  -1  0   3  2  0  1  0  0/3    23:27   3:13   1:09 
Josh Archibald           0  1  1   0  0   5  0  0  0  0  0/0     7:25   0:00   0:00 
Matthew Highmore         0  0  0   0  0   1  0  0  0  0  5/7     7:28   0:01   0:00 
Mattias Janmark          0  0  0   0  0   4  0  0  3  2  11/23  17:54   2:43   0:14 
Michael McCarron         0  0  0  -2  0   0  1  1  0  0  2/4     9:27   0:00   0:00 
Mikhail Sergachev        0  0  0  -2  5   1  0  2  1  0  0/0    22:35   2:50   1:11 
Nikolaj Ehlers           0  0  0   0  0   6  2  1  0  0  1/1    17:40   2:43   0:00 
Ryan Stanton             0  0  0   0  0   0  2  0  0  1  0/0    20:39   0:00   0:00 
Travis Dermott           0  0  0   0  0   0  1  0  0  0  0/0    13:15   0:00   1:50 
Troy Stecher             0  0  0  -2  0   1  1  3  0  1  0/0    29:22   3:07   1:50 

Players Stats for Maroons

Player Name              G  A  P  +/- PIM S  H  SB GA TA FO     MP     PP MP  PK MP  
------------------------------------------------------------------------------------
Alexander Kerfoot        1  0  1   0  0   4  3  0  0  0  0/0    12:23   0:00   1:15 
Bo Horvat                2  2  4   2  0   6  2  0  2  0  25/42  23:48   1:28   3:19 
Brendan Gallagher        1  0  1   2  0   5  0  1  0  0  2/4    23:34   1:28   3:09 
Bryan Rust               0  0  0   1  0   3  0  0  0  1  0/1    15:48   1:33   0:00 
Cal Clutterbuck          0  2  2   1  0   4  0  0  0  1  0/0    18:01   1:33   1:49 
Carl Gunnarsson          0  0  0   1  0   1  0  0  0  0  0/0    10:52   0:00   0:00 
Frederik Gauthier        0  0  0   0  0   0  1  0  0  1  2/3     6:18   0:00   0:00 
Jacob Trouba             0  0  0   0  2   0  3  2  0  0  0/0    28:04   2:01   2:03 
Jay Beagle               1  0  1   1  5   3  0  0  0  0  17/24  15:25   1:33   0:00 
Nick Ritchie             0  0  0   0  2   2  0  0  0  0  0/0     7:23   0:00   0:42 
Nick Schmaltz            0  1  1   0  0   3  0  0  0  0  4/6    11:26   0:00   0:00 
Noah Juulsen             0  0  0   2  0   2  0  5  0  0  0/0    19:36   1:00   2:21 
Pierre-Luc Dubois        1  3  4   2  2   2  0  0  3  0  4/5    22:26   1:28   1:40 
Pontus Aberg             0  0  0   0  0   1  0  0  0  1  0/0     6:18   0:00   0:00 
Rasmus Sandin            0  1  1   1  0   0  0  0  0  1  0/0    12:25   0:00   1:33 
Ryan McDonagh            0  1  1   0  0   2  1  3  0  0  0/0    29:32   2:01   3:36 
Torey Krug               0  1  1   2  0   1  0  2  1  0  0/0    19:36   1:00   2:21 
Zack Kassian             0  0  0   0  0   1  1  1  0  0  0/0    11:04   0:00   0:00 

3 Stars

1 - Bo Horvat (MON)
2 - Pierre-Luc Dubois (MON)
3 - John Gibson (MON)

Power Play

Maple Leafs - 0 on 3 Attempt(s) - 0,00%
Maroons - 1 on 2 Attempt(s) - 50,00%

Penalty Kill

Maple Leafs - 1 on 2 Attempt(s) - 50,00% - Score 0 goal in Penalty Kill
Maroons - 3 on 3 Attempt(s) - 100,00% - Score 0 goal in Penalty Kill

Team Stat

Maple Leafs - Hits : 16 - Faceoff Wins : 31 - Blocked Shots : 13 - Penalty Minutes : 9
Maroons - Hits : 11 - Faceoff Wins : 54 - Blocked Shots : 14 - Penalty Minutes : 11

Official

Referees : Kendrick Nicholson and Dan O'Halloran
Linesman : Bryan Pancich and Matt MacPherson

Game Notes

Anders Nilsson enters game at 10:12 of 2nd period
Jay Beagle and Mikhail Sergachev fight to a draw at 18:55 of 3rd period

Maple Leafs

5 vs 5 Forward 
   Center                   Left Wing                Right Wing               Time % Phy DF OF 
 1 Bobby Ryan               Ilya Kovalchuk           Jesper Bratt             40     1   2  2  
 2 Mattias Janmark          Blake Comeau             Nikolaj Ehlers           30     1   2  2  
 3 Michael McCarron         Jake Debrusk             Andrei Svechnikov        20     1   2  2  
 4 Matthew Highmore         Alex Iafallo             Josh Archibald           10     1   2  2  

5 vs 5 Defense 
   Defense                  Defense                                           Time % Phy DF OF 
 1 Ryan Stanton             Troy Stecher                                      40     1   2  2  
 2 Mikhail Sergachev        Dmitry Kulikov                                    30     1   2  2  
 3 Fredrik Claesson         Travis Dermott                                    20     1   2  2  
 4 Mikhail Sergachev        Troy Stecher                                      10     1   2  2  

PowerPlay Forward 
   Center                   Left Wing                Right Wing               Time % Phy DF OF 
 1 Bobby Ryan               Ilya Kovalchuk           Jesper Bratt             60     1   2  2  
 2 Mattias Janmark          Blake Comeau             Nikolaj Ehlers           40     1   2  2  

PowerPlay Defense
   Defense                  Defense                                           Time % Phy DF OF 
 1 Fredrik Claesson         Troy Stecher                                      60     1   2  2  
 2 Mikhail Sergachev        Dmitry Kulikov                                    40     1   2  2  

Penalty Kill 4 Players Forward 
   Center                   Wing                     Time % Phy DF OF 
 1 Bobby Ryan               Ilya Kovalchuk           60     1   2  2  
 2 Jesper Bratt             Blake Comeau             40     1   2  2  

Penalty Kill 4 Players Defense
   Defense                  Defense                  Time % Phy DF OF 
 1 Travis Dermott           Troy Stecher             60     1   2  2  
 2 Mikhail Sergachev        Dmitry Kulikov           40     1   2  2  

Penalty Kill - 3 Players Forward 
   Forward                                           Time % Phy DF OF 
 1 Bobby Ryan                                        60     1   2  2  
 2 Ilya Kovalchuk                                    40     1   2  2  

Penalty Kill - 3 Players Defense
   Defense                  Defense                  Time % Phy DF OF 
 1 Fredrik Claesson         Troy Stecher             60     1   2  2  
 2 Mikhail Sergachev        Dmitry Kulikov           40     1   2  2  

4 vs 4 Forward 
   Center                   Wing                     Time % Phy DF OF 
 1 Bobby Ryan               Ilya Kovalchuk           60     1   2  2  
 2 Jesper Bratt             Blake Comeau             40     1   2  2  

4 vs 4 Defense
   Defense                  Defense                  Time % Phy DF OF 
 1 Ryan Stanton             Troy Stecher             60     1   2  2  
 2 Mikhail Sergachev        Dmitry Kulikov           40     1   2  2  

Last Minutes Offensive
   Center                   Left Wing                Right Wing               Defense                  Defense                  
   Bobby Ryan               Ilya Kovalchuk           Jesper Bratt             Ryan Stanton             Troy Stecher             

Last Minutes Defensive
   Center                   Left Wing                Right Wing               Defense                  Defense                  
   Bobby Ryan               Ilya Kovalchuk           Jesper Bratt             Ryan Stanton             Troy Stecher             

Goaltenders
Starting : Petr Mrazek              
Backup : Anders Nilsson           

Extra Forwards
Normal : Matthew Highmore, Jake Debrusk, Alex Iafallo - PP : Matthew Highmore, Jake Debrusk - PK : Alex Iafallo
Extra Defensemen
Normal : Fredrik Claesson, Travis Dermott, Mikhail Sergachev - PP : Fredrik Claesson - PK : Travis Dermott, Mikhail Sergachev
Penalty Shots
Bobby Ryan, Ilya Kovalchuk, Jesper Bratt, Blake Comeau, Nikolaj Ehlers
Custom OT Lines Forwards
Bobby Ryan, Ilya Kovalchuk, Jesper Bratt, Blake Comeau, Nikolaj Ehlers, Jake Debrusk, Alex Iafallo, Andrei Svechnikov, Mattias Janmark, Josh Archibald
Custom OT Lines Defensemen
Travis Dermott, Troy Stecher, Mikhail Sergachev, Dmitry Kulikov, Fredrik Claesson

Scratches
Logan Couture (Healthy), Ben Hutton (Healthy), Hampus Lindholm (Healthy), Mike Hoffman (Healthy)

Maroons

5 vs 5 Forward 
   Center                   Left Wing                Right Wing               Time % Phy DF OF 
 1 Bo Horvat                Pierre-Luc Dubois        Brendan Gallagher        40     1   2  2  
 2 Jay Beagle               Cal Clutterbuck          Bryan Rust               30     1   2  2  
 3 Nick Schmaltz            Alexander Kerfoot        Zack Kassian             20     1   2  2  
 4 Frederik Gauthier        Nick Ritchie             Pontus Aberg             10     1   2  2  

5 vs 5 Defense 
   Defense                  Defense                                           Time % Phy DF OF 
 1 Jacob Trouba             Ryan McDonagh                                     40     1   2  2  
 2 Torey Krug               Noah Juulsen                                      30     1   2  2  
 3 Carl Gunnarsson          Rasmus Sandin                                     20     1   2  2  
 4 Jacob Trouba             Ryan McDonagh                                     10     1   2  2  

PowerPlay Forward 
   Center                   Left Wing                Right Wing               Time % Phy DF OF 
 1 Bo Horvat                Pierre-Luc Dubois        Brendan Gallagher        60     1   2  2  
 2 Jay Beagle               Cal Clutterbuck          Bryan Rust               40     1   2  2  

PowerPlay Defense
   Defense                  Defense                                           Time % Phy DF OF 
 1 Jacob Trouba             Ryan McDonagh                                     60     1   2  2  
 2 Torey Krug               Noah Juulsen                                      40     1   2  2  

Penalty Kill 4 Players Forward 
   Center                   Wing                     Time % Phy DF OF 
 1 Bo Horvat                Brendan Gallagher        60     1   2  2  
 2 Pierre-Luc Dubois        Cal Clutterbuck          40     1   2  2  

Penalty Kill 4 Players Defense
   Defense                  Defense                  Time % Phy DF OF 
 1 Jacob Trouba             Ryan McDonagh            60     1   2  2  
 2 Torey Krug               Noah Juulsen             40     1   2  2  

Penalty Kill - 3 Players Forward 
   Forward                                           Time % Phy DF OF 
 1 Bo Horvat                                         60     1   2  2  
 2 Brendan Gallagher                                 40     1   2  2  

Penalty Kill - 3 Players Defense
   Defense                  Defense                  Time % Phy DF OF 
 1 Jacob Trouba             Ryan McDonagh            60     1   2  2  
 2 Torey Krug               Noah Juulsen             40     1   2  2  

4 vs 4 Forward 
   Center                   Wing                     Time % Phy DF OF 
 1 Bo Horvat                Brendan Gallagher        60     1   2  2  
 2 Pierre-Luc Dubois        Cal Clutterbuck          40     1   2  2  

4 vs 4 Defense
   Defense                  Defense                  Time % Phy DF OF 
 1 Jacob Trouba             Ryan McDonagh            60     1   2  2  
 2 Torey Krug               Noah Juulsen             40     1   2  2  

Last Minutes Offensive
   Center                   Left Wing                Right Wing               Defense                  Defense                  
   Bo Horvat                Pierre-Luc Dubois        Brendan Gallagher        Jacob Trouba             Ryan McDonagh            

Last Minutes Defensive
   Center                   Left Wing                Right Wing               Defense                  Defense                  
   Bo Horvat                Pierre-Luc Dubois        Brendan Gallagher        Jacob Trouba             Ryan McDonagh            

Goaltenders
Starting : John Gibson              
Backup : Cam Ward                 

Extra Forwards
Normal : Nick Schmaltz, Alexander Kerfoot, Nick Ritchie - PP : Nick Schmaltz, Alexander Kerfoot - PK : Nick Ritchie
Extra Defensemen
Normal : Carl Gunnarsson, Rasmus Sandin, Torey Krug - PP : Carl Gunnarsson - PK : Rasmus Sandin, Torey Krug
Penalty Shots
Bo Horvat, Brendan Gallagher, Pierre-Luc Dubois, Cal Clutterbuck, Bryan Rust
Custom OT Lines Forwards
Bo Horvat, Brendan Gallagher, Pierre-Luc Dubois, Cal Clutterbuck, Bryan Rust, Jay Beagle, Nick Schmaltz, Alexander Kerfoot, Nick Ritchie, Zack Kassian
Custom OT Lines Defensemen
Jacob Trouba, Ryan McDonagh, Torey Krug, Noah Juulsen, Carl Gunnarsson

Scratches
Matthew Tkachuk (Healthy), Buddy Robinson (Healthy), Esa Lindell (Healthy), Tobias Rieder (Healthy)

% Time on Ice - Maple Leafs

Lines # - Real PCT - Wanted PCT - Time Play
Normal Forward
1 - 38% - 40% - 19:13
2 - 29% - 30% - 14:57
3 - 19% - 20% - 9:27
4 - 15% - 10% - 7:25
Normal Defense
1 - 42% - 40% - 21:23
2 - 31% - 30% - 15:49
3 - 20% - 20% - 10:01
4 - 7% - 10% - 3:49
PP Forward
1 - 54% - 60% - 3:14
2 - 46% - 40% - 2:43
PP Defense
1 - 52% - 60% - 3:07
2 - 48% - 40% - 2:50
PK Forward
1 - 84% - 60% - 2:32
2 - 16% - 40% - 0:29
PK Defense
1 - 61% - 60% - 1:50
2 - 39% - 40% - 1:11
PK3 Forward
1 - 0% - 60%
2 - 0% - 40%
PK3 Defense
1 - 0% - 60%
2 - 0% - 40%
44 Forward
1 - 0% - 60%
2 - 0% - 40%
44 Defense
1 - 0% - 60%
2 - 0% - 40%
Last Minute Offensive  - 0:00
Last Minute Defensive  - 0:00
Total
Forward - 60:00
Defense - 60:00

% Time on Ice - Maroons

Lines # - Real PCT - Wanted PCT - Time Play
Normal Forward
1 - 38% - 40% - 19:25
2 - 28% - 30% - 14:15
3 - 22% - 20% - 11:04
4 - 12% - 10% - 6:18
Normal Defense
1 - 41% - 40% - 21:05
2 - 32% - 30% - 16:15
3 - 21% - 20% - 10:52
4 - 6% - 10% - 2:50
PP Forward
1 - 49% - 60% - 1:28
2 - 51% - 40% - 1:33
PP Defense
1 - 67% - 60% - 2:01
2 - 33% - 40% - 1:00
PK Forward
1 - 73% - 60% - 4:22
2 - 27% - 40% - 1:35
PK Defense
1 - 61% - 60% - 3:36
2 - 39% - 40% - 2:21
PK3 Forward
1 - 0% - 60%
2 - 0% - 40%
PK3 Defense
1 - 0% - 60%
2 - 0% - 40%
44 Forward
1 - 0% - 60%
2 - 0% - 40%
44 Defense
1 - 0% - 60%
2 - 0% - 40%
Last Minute Offensive  - 0:00
Last Minute Defensive  - 0:00
Total
Forward - 60:00
Defense - 60:00

Play-by-Play

1st period


0:01 of 1st period - Bo Horvat wins face-off versus Bobby Ryan in neutral zone.
0:32 of 1st period - Snap shot by Alexander Kerfoot.
0:32 of 1st period - Stopped by Petr Mrazek with a rebound.
1:20 of 1st period - Wrist shot by Pontus Aberg.
1:20 of 1st period - Shot Blocked by Dmitry Kulikov.
1:34 of 1st period - Wrist shot by Alex Iafallo.
1:34 of 1st period - Stopped by John Gibson without a rebound.
1:35 of 1st period - Matthew Highmore wins face-off versus Bo Horvat in Maroons zone.
1:40 of 1st period - Wrist shot by Matthew Highmore.
1:40 of 1st period - Stopped by John Gibson without a rebound.
1:41 of 1st period - Mattias Janmark wins face-off versus Bo Horvat in Maroons zone.
3:25 of 1st period - Slapshot by Nikolaj Ehlers.
3:25 of 1st period - Stopped by John Gibson with a rebound.
4:05 of 1st period - Wrist shot by Nick Schmaltz.
4:05 of 1st period - Stopped by Petr Mrazek without a rebound.
4:06 of 1st period - Mattias Janmark wins face-off versus Bo Horvat in Maple Leafs zone.
4:48 of 1st period - Minor Penalty to Andrei Svechnikov for Tripping.
4:49 of 1st period - Pierre-Luc Dubois wins face-off versus Bobby Ryan in Maple Leafs zone.
5:19 of 1st period - Icing by Bryan Rust.
5:20 of 1st period - Jay Beagle wins face-off versus Bobby Ryan in Maroons zone.
5:33 of 1st period - Backhand shot by Cal Clutterbuck.
5:33 of 1st period - Shot Blocked by Mikhail Sergachev.
5:37 of 1st period - Snap shot by Bryan Rust.
5:37 of 1st period - Stopped by Petr Mrazek without a rebound.
5:38 of 1st period - Bo Horvat wins face-off versus Jesper Bratt in Maple Leafs zone.
5:48 of 1st period - Slapshot by Brendan Gallagher.
5:48 of 1st period - Shot Misses the Net.
5:50 of 1st period - Wrist shot by Brendan Gallagher.
5:50 of 1st period - Goal by Brendan Gallagher - Maple Leafs : 0 - Maroons : 1.
5:51 of 1st period - Bo Horvat wins face-off versus Bobby Ryan in neutral zone.
6:25 of 1st period - Wrist shot by Mattias Janmark.
6:25 of 1st period - Deflect By Nikolaj Ehlers.
6:25 of 1st period - Shot Misses the Net.
6:25 of 1st period - Puck is out of play.
6:26 of 1st period - Bobby Ryan wins face-off versus Nick Schmaltz in Maroons zone.
6:58 of 1st period - Snap shot by Cal Clutterbuck.
6:58 of 1st period - Stopped by Petr Mrazek with a rebound.
7:00 of 1st period - Wrist shot by Bryan Rust.
7:00 of 1st period - Shot Misses the Net.
7:02 of 1st period - Slapshot by Bryan Rust.
7:02 of 1st period - Stopped by Petr Mrazek with a rebound.
7:04 of 1st period - Slapshot by Jay Beagle.
7:04 of 1st period - Deflect By Cal Clutterbuck.
7:04 of 1st period - Shot Misses the Net.
7:04 of 1st period - Puck is out of play.
7:05 of 1st period - Bo Horvat wins face-off versus Mattias Janmark in Maple Leafs zone.
7:11 of 1st period - Off-side.
7:12 of 1st period - Bo Horvat wins face-off versus Mattias Janmark in neutral zone.
7:41 of 1st period - Snap shot by Cal Clutterbuck.
7:41 of 1st period - Shot Misses the Net.
8:05 of 1st period - Snap shot by Jesper Bratt.
8:05 of 1st period - Shot Misses the Net.
8:23 of 1st period - Wrist shot by Nick Ritchie.
8:23 of 1st period - Stopped by Petr Mrazek without a rebound.
8:24 of 1st period - Mattias Janmark wins face-off versus Bo Horvat in Maple Leafs zone.
9:03 of 1st period - Wrist shot by Bobby Ryan.
9:03 of 1st period - Deflect By Jesper Bratt.
9:03 of 1st period - Shot Misses the Net.
9:03 of 1st period - Puck is out of play.
9:04 of 1st period - Michael McCarron wins face-off versus Brendan Gallagher in Maroons zone.
9:19 of 1st period - Snap shot by Brendan Gallagher.
9:19 of 1st period - Stopped by Petr Mrazek with a rebound.
10:16 of 1st period - Slapshot by Josh Archibald.
10:16 of 1st period - Stopped by John Gibson with a rebound.
10:18 of 1st period - Wrist shot by Josh Archibald.
10:18 of 1st period - Stopped by John Gibson without a rebound.
10:19 of 1st period - Matthew Highmore wins face-off versus Frederik Gauthier in Maroons zone.
10:22 of 1st period - Wrist shot by Josh Archibald.
10:22 of 1st period - Stopped by John Gibson without a rebound.
10:23 of 1st period - Bobby Ryan wins face-off versus Bo Horvat in Maroons zone.
10:34 of 1st period - Wrist shot by Jesper Bratt.
10:34 of 1st period - Shot Misses the Net.
10:54 of 1st period - Mattias Janmark is hit by Jacob Trouba and loses puck.
11:41 of 1st period - Snap shot by Pontus Aberg.
11:41 of 1st period - Shot Blocked by Troy Stecher.
11:43 of 1st period - Wrist shot by Nick Ritchie.
11:43 of 1st period - Deflect By Pontus Aberg.
11:43 of 1st period - Stopped by Petr Mrazek with a rebound.
11:45 of 1st period - Slapshot by Torey Krug.
11:45 of 1st period - Shot Misses the Net.
11:59 of 1st period - Snap shot by Jake Debrusk.
11:59 of 1st period - Shot Misses the Net.
12:03 of 1st period - Wrist shot by Andrei Svechnikov.
12:03 of 1st period - Shot Misses the Net.
12:05 of 1st period - Snap shot by Jake Debrusk.
12:05 of 1st period - Shot Misses the Net.
12:18 of 1st period - Off-side.
12:19 of 1st period - Jay Beagle wins face-off versus Mattias Janmark in neutral zone.
13:04 of 1st period - Slapshot by Nick Schmaltz.
13:04 of 1st period - Shot Misses the Net.
13:06 of 1st period - Snap shot by Nick Schmaltz.
13:06 of 1st period - Shot Misses the Net.
13:08 of 1st period - Slapshot by Ryan McDonagh.
13:08 of 1st period - Stopped by Petr Mrazek with a rebound.
13:10 of 1st period - Snap shot by Zack Kassian.
13:10 of 1st period - Shot Blocked by Fredrik Claesson.
13:27 of 1st period - Snap shot by Jake Debrusk.
13:27 of 1st period - Shot Misses the Net.
13:29 of 1st period - Snap shot by Jake Debrusk.
13:29 of 1st period - Shot Misses the Net.
13:40 of 1st period - Minor Penalty to Nick Ritchie for Slashing.
13:41 of 1st period - Bobby Ryan wins face-off versus Bo Horvat in Maroons zone.
14:16 of 1st period - Wrist shot by Nikolaj Ehlers.
14:16 of 1st period - Stopped by John Gibson with a rebound.
15:40 of 1st period - Penalty to Nick Ritchie is over, Nick Ritchie is back on ice.
16:59 of 1st period - Carl Gunnarsson is hit by Alex Iafallo and loses puck.
17:22 of 1st period - Troy Stecher is hit by Alexander Kerfoot and loses puck.
17:35 of 1st period - Snap shot by Nikolaj Ehlers.
17:35 of 1st period - Stopped by John Gibson with a rebound.
17:52 of 1st period - Fredrik Claesson is hit by Jacob Trouba.
17:56 of 1st period - Slapshot by Josh Archibald.
17:56 of 1st period - Stopped by John Gibson with a rebound.
17:58 of 1st period - Snap shot by Alex Iafallo.
17:58 of 1st period - Stopped by John Gibson with a rebound.
18:31 of 1st period - Snap shot by Mattias Janmark.
18:31 of 1st period - Stopped by John Gibson with a rebound.
19:15 of 1st period - Snap shot by Jesper Bratt.
19:15 of 1st period - Shot Blocked by Noah Juulsen.
Goals for this period are 0 for Maple Leafs vs 1 for Maroons.
Shots for this period are 11 for Maple Leafs vs 10 for Maroons.

2nd period


0:01 of 2nd period - Bobby Ryan wins face-off versus Brendan Gallagher in neutral zone.
0:57 of 2nd period - Snap shot by Andrei Svechnikov.
0:57 of 2nd period - Shot Misses the Net.
1:15 of 2nd period - Snap shot by Nick Schmaltz.
1:15 of 2nd period - Stopped by Petr Mrazek without a rebound.
1:16 of 2nd period - Nick Schmaltz wins face-off versus Matthew Highmore in Maple Leafs zone.
1:33 of 2nd period - Wrist shot by Alexander Kerfoot.
1:33 of 2nd period - Stopped by Petr Mrazek with a rebound.
1:35 of 2nd period - Snap shot by Nick Schmaltz.
1:35 of 2nd period - Shot Blocked by Dmitry Kulikov.
1:41 of 2nd period - Nick Schmaltz is hit by Dmitry Kulikov and loses puck.
1:58 of 2nd period - Dmitry Kulikov is hit by Alexander Kerfoot and loses puck.
2:05 of 2nd period - Slapshot by Josh Archibald.
2:05 of 2nd period - Shot Blocked by Zack Kassian.
2:07 of 2nd period - Slapshot by Fredrik Claesson.
2:07 of 2nd period - Shot Misses the Net.
2:09 of 2nd period - Wrist shot by Alex Iafallo.
2:09 of 2nd period - Goal by Alex Iafallo - Maple Leafs : 1 - Maroons : 1.
2:10 of 2nd period - Bo Horvat wins face-off versus Bobby Ryan in neutral zone.
2:23 of 2nd period - Snap shot by Ilya Kovalchuk.
2:23 of 2nd period - Shot Misses the Net.
2:37 of 2nd period - Jay Beagle is hit by Nikolaj Ehlers and loses puck.
3:22 of 2nd period - Zack Kassian is hit by Alex Iafallo and loses puck.
3:49 of 2nd period - Snap shot by Pierre-Luc Dubois.
3:49 of 2nd period - Goal by Pierre-Luc Dubois - Maple Leafs : 1 - Maroons : 2.
3:50 of 2nd period - Bo Horvat wins face-off versus Bobby Ryan in neutral zone.
4:03 of 2nd period - Snap shot by Jesper Bratt.
4:03 of 2nd period - Shot Blocked by Jacob Trouba.
4:05 of 2nd period - Snap shot by Ilya Kovalchuk.
4:05 of 2nd period - Goal by Ilya Kovalchuk - Maple Leafs : 2 - Maroons : 2.
4:06 of 2nd period - Brendan Gallagher wins face-off versus Jesper Bratt in neutral zone.
4:13 of 2nd period - Snap shot by Jesper Bratt.
4:13 of 2nd period - Deflect By Bobby Ryan.
4:13 of 2nd period - Shot Blocked by Brendan Gallagher.
4:13 of 2nd period - Puck is out of play.
4:14 of 2nd period - Bobby Ryan wins face-off versus Bo Horvat in Maroons zone.
4:27 of 2nd period - Snap shot by Bo Horvat.
4:27 of 2nd period - Shot Misses the Net.
4:33 of 2nd period - Ryan McDonagh is hit by Jesper Bratt and loses puck.
4:54 of 2nd period - Wrist shot by Ilya Kovalchuk.
4:54 of 2nd period - Deflect By Jesper Bratt.
4:54 of 2nd period - Stopped by John Gibson without a rebound.
4:55 of 2nd period - Mattias Janmark wins face-off versus Jay Beagle in Maroons zone.
5:04 of 2nd period - Slapshot by Mattias Janmark.
5:04 of 2nd period - Shot Misses the Net.
5:06 of 2nd period - Snap shot by Blake Comeau.
5:06 of 2nd period - Stopped by John Gibson without a rebound.
5:07 of 2nd period - Jay Beagle wins face-off versus Mattias Janmark in Maroons zone.
5:07 of 2nd period - Jay Beagle is hit by Troy Stecher.
5:15 of 2nd period - Snap shot by Jay Beagle.
5:15 of 2nd period - Stopped by Petr Mrazek without a rebound.
5:16 of 2nd period - Mattias Janmark wins face-off versus Jay Beagle in Maple Leafs zone.
5:25 of 2nd period - Wrist shot by Nikolaj Ehlers.
5:25 of 2nd period - Shot Blocked by Ryan McDonagh.
5:27 of 2nd period - Slapshot by Mikhail Sergachev.
5:27 of 2nd period - Shot Misses the Net.
5:29 of 2nd period - Snap shot by Mattias Janmark.
5:29 of 2nd period - Stopped by John Gibson without a rebound.
5:30 of 2nd period - Pierre-Luc Dubois wins face-off versus Bobby Ryan in Maroons zone.
5:30 of 2nd period - Pierre-Luc Dubois is hit by Dmitry Kulikov.
5:40 of 2nd period - Snap shot by Bo Horvat.
5:40 of 2nd period - Stopped by Petr Mrazek with a rebound.
5:42 of 2nd period - Snap shot by Pierre-Luc Dubois.
5:42 of 2nd period - Shot Misses the Net.
5:44 of 2nd period - Snap shot by Brendan Gallagher.
5:44 of 2nd period - Shot Misses the Net.
5:58 of 2nd period - Snap shot by Alexander Kerfoot.
5:58 of 2nd period - Shot Blocked by Mikhail Sergachev.
6:00 of 2nd period - Slapshot by Alexander Kerfoot.
6:00 of 2nd period - Shot Hit the Post.
6:02 of 2nd period - Snap shot by Zack Kassian.
6:02 of 2nd period - Stopped by Petr Mrazek without a rebound.
6:03 of 2nd period - Mattias Janmark wins face-off versus Nick Schmaltz in Maple Leafs zone.
6:03 of 2nd period - Mattias Janmark is hit by Zack Kassian.
6:09 of 2nd period - Slapshot by Blake Comeau.
6:09 of 2nd period - Deflect By Nikolaj Ehlers.
6:09 of 2nd period - Shot Misses the Net.
6:09 of 2nd period - Puck is out of play.
6:10 of 2nd period - Bo Horvat wins face-off versus Mattias Janmark in Maroons zone.
6:23 of 2nd period - Snap shot by Nikolaj Ehlers.
6:23 of 2nd period - Stopped by John Gibson without a rebound.
6:24 of 2nd period - Bo Horvat wins face-off versus Bobby Ryan in Maroons zone.
6:29 of 2nd period - Snap shot by Bo Horvat.
6:29 of 2nd period - Stopped by Petr Mrazek with a rebound.
6:31 of 2nd period - Snap shot by Jacob Trouba.
6:31 of 2nd period - Deflect By Bo Horvat.
6:31 of 2nd period - Shot Misses the Net.
6:31 of 2nd period - Puck is out of play.
6:32 of 2nd period - Bo Horvat wins face-off versus Bobby Ryan in Maple Leafs zone.
6:41 of 2nd period - Slapshot by Pierre-Luc Dubois.
6:41 of 2nd period - Shot Misses the Net.
6:43 of 2nd period - Slapshot by Pierre-Luc Dubois.
6:43 of 2nd period - Shot Misses the Net.
6:47 of 2nd period - Wrist shot by Pierre-Luc Dubois.
6:47 of 2nd period - Shot Misses the Net.
6:49 of 2nd period - Slapshot by Ryan McDonagh.
6:49 of 2nd period - Deflect By Bo Horvat.
6:49 of 2nd period - Goal by Bo Horvat - Maple Leafs : 2 - Maroons : 3.
6:50 of 2nd period - Bobby Ryan wins face-off versus Bo Horvat in neutral zone.
6:53 of 2nd period - Brendan Gallagher is hit by Bobby Ryan and loses puck.
7:04 of 2nd period - Snap shot by Jesper Bratt.
7:04 of 2nd period - Shot Misses the Net.
7:06 of 2nd period - Wrist shot by Ilya Kovalchuk.
7:06 of 2nd period - Shot Hit the Post.
7:42 of 2nd period - Snap shot by Nick Schmaltz.
7:42 of 2nd period - Shot Blocked by Jake Debrusk.
8:08 of 2nd period - Wrist shot by Jesper Bratt.
8:08 of 2nd period - Shot Misses the Net.
8:46 of 2nd period - Snap shot by Jake Debrusk.
8:46 of 2nd period - Shot Blocked by Noah Juulsen.
8:48 of 2nd period - Wrist shot by Michael McCarron.
8:48 of 2nd period - Shot Misses the Net.
9:02 of 2nd period - Ilya Kovalchuk is hit by Alexander Kerfoot and loses puck.
9:07 of 2nd period - Slapshot by Nick Schmaltz.
9:07 of 2nd period - Shot Blocked by Troy Stecher.
9:23 of 2nd period - Carl Gunnarsson is hit by Nikolaj Ehlers and loses puck.
9:41 of 2nd period - Icing by Rasmus Sandin.
9:42 of 2nd period - Bo Horvat wins face-off versus Matthew Highmore in Maroons zone.
10:12 of 2nd period - Slapshot by Alexander Kerfoot.
10:12 of 2nd period - Goal by Alexander Kerfoot - Maple Leafs : 2 - Maroons : 4.
10:12 of 2nd period - Anders Nilsson enters game.
10:13 of 2nd period - Bo Horvat wins face-off versus Bobby Ryan in neutral zone.
10:40 of 2nd period - Mattias Janmark is hit by Ryan McDonagh and loses puck.
11:02 of 2nd period - Off-side.
11:03 of 2nd period - Matthew Highmore wins face-off versus Bo Horvat in neutral zone.
11:07 of 2nd period - Mikhail Sergachev is hit by Bo Horvat.
11:11 of 2nd period - Wrist shot by Alex Iafallo.
11:11 of 2nd period - Deflect By Jacob Trouba.
11:11 of 2nd period - Shot Blocked by Ryan McDonagh.
11:11 of 2nd period - Puck is out of play.
11:12 of 2nd period - Bo Horvat wins face-off versus Bobby Ryan in Maroons zone.
11:27 of 2nd period - Snap shot by Bo Horvat.
11:27 of 2nd period - Deflect By Ilya Kovalchuk.
11:27 of 2nd period - Stopped by Anders Nilsson without a rebound.
11:28 of 2nd period - Jay Beagle wins face-off versus Mattias Janmark in Maple Leafs zone.
11:31 of 2nd period - Slapshot by Cal Clutterbuck.
11:31 of 2nd period - Shot Misses the Net.
11:39 of 2nd period - Snap shot by Ryan McDonagh.
11:39 of 2nd period - Shot Blocked by Nikolaj Ehlers.
12:02 of 2nd period - Torey Krug is hit by Ryan Stanton and loses puck.
12:40 of 2nd period - Off-side.
12:41 of 2nd period - Matthew Highmore wins face-off versus Jay Beagle in neutral zone.
12:56 of 2nd period - Wrist shot by Alex Iafallo.
12:56 of 2nd period - Stopped by John Gibson with a rebound.
13:08 of 2nd period - Wrist shot by Jay Beagle.
13:08 of 2nd period - Deflect By Brendan Gallagher.
13:08 of 2nd period - Shot Misses the Net.
13:08 of 2nd period - Puck is out of play.
13:09 of 2nd period - Bo Horvat wins face-off versus Bobby Ryan in Maple Leafs zone.
13:38 of 2nd period - Backhand shot by Blake Comeau.
13:38 of 2nd period - Stopped by John Gibson without a rebound.
13:39 of 2nd period - Jay Beagle wins face-off versus Mattias Janmark in Maroons zone.
13:46 of 2nd period - Wrist shot by Jay Beagle.
13:46 of 2nd period - Deflect By Bryan Rust.
13:46 of 2nd period - Shot Blocked by Troy Stecher.
13:46 of 2nd period - Puck is out of play.
13:47 of 2nd period - Bo Horvat wins face-off versus Bobby Ryan in Maple Leafs zone.
14:22 of 2nd period - Slapshot by Troy Stecher.
14:22 of 2nd period - Stopped by John Gibson with a rebound.
14:26 of 2nd period - Wrist shot by Nikolaj Ehlers.
14:26 of 2nd period - Deflect By Alexander Kerfoot.
14:26 of 2nd period - Shot Blocked by Noah Juulsen.
14:26 of 2nd period - Puck is out of play.
14:27 of 2nd period - Bo Horvat wins face-off versus Michael McCarron in Maroons zone.
14:29 of 2nd period - Minor Penalty to Jacob Trouba for Tripping.
14:30 of 2nd period - Bo Horvat wins face-off versus Bobby Ryan in Maroons zone.
15:07 of 2nd period - Off-side.
15:08 of 2nd period - Pierre-Luc Dubois wins face-off versus Bobby Ryan in neutral zone.
16:29 of 2nd period - Penalty to Jacob Trouba is over, Jacob Trouba is back on ice.
17:00 of 2nd period - Alex Iafallo is hit by Frederik Gauthier and loses puck.
17:24 of 2nd period - Jacob Trouba is hit by Andrei Svechnikov and loses puck.
17:51 of 2nd period - Icing by Blake Comeau.
17:52 of 2nd period - Bo Horvat wins face-off versus Mattias Janmark in Maple Leafs zone.
17:59 of 2nd period - Carl Gunnarsson is hit by Travis Dermott and loses puck.
18:35 of 2nd period - Icing by Nick Schmaltz.
18:36 of 2nd period - Jay Beagle wins face-off versus Jake Debrusk in Maroons zone.
18:42 of 2nd period - Slapshot by Noah Juulsen.
18:42 of 2nd period - Stopped by Anders Nilsson without a rebound.
18:43 of 2nd period - Bobby Ryan wins face-off versus Jay Beagle in Maple Leafs zone.
18:47 of 2nd period - Off-side.
18:48 of 2nd period - Bo Horvat wins face-off versus Bobby Ryan in neutral zone.
18:51 of 2nd period - Slapshot by Jacob Trouba.
18:51 of 2nd period - Deflect By Pierre-Luc Dubois.
18:51 of 2nd period - Stopped by Anders Nilsson without a rebound.
18:52 of 2nd period - Bobby Ryan wins face-off versus Pierre-Luc Dubois in Maple Leafs zone.
19:17 of 2nd period - Wrist shot by Jesper Bratt.
19:17 of 2nd period - Shot Blocked by Jacob Trouba.
19:22 of 2nd period - Off-side.
19:23 of 2nd period - Mattias Janmark wins face-off versus Jay Beagle in neutral zone.
19:28 of 2nd period - Slapshot by Mikhail Sergachev.
19:28 of 2nd period - Shot Blocked by Noah Juulsen.
19:40 of 2nd period - Slapshot by Noah Juulsen.
19:40 of 2nd period - Stopped by Anders Nilsson with a rebound.
19:42 of 2nd period - Snap shot by Jay Beagle.
19:42 of 2nd period - Stopped by Anders Nilsson with a rebound.
19:44 of 2nd period - Snap shot by Bryan Rust.
19:44 of 2nd period - Deflect By Cal Clutterbuck.
19:44 of 2nd period - Stopped by Anders Nilsson with a rebound.
19:52 of 2nd period - Snap shot by Nikolaj Ehlers.
19:52 of 2nd period - Stopped by John Gibson without a rebound.
19:53 of 2nd period - Bobby Ryan wins face-off versus Bo Horvat in Maroons zone.
19:54 of 2nd period - Wrist shot by Jesper Bratt.
19:54 of 2nd period - Stopped by John Gibson without a rebound.
19:55 of 2nd period - Bo Horvat wins face-off versus Bobby Ryan in Maroons zone.
Goals for this period are 2 for Maple Leafs vs 3 for Maroons.
Shots for this period are 11 for Maple Leafs vs 15 for Maroons.

3rd period


0:01 of 3rd period - Bobby Ryan wins face-off versus Bo Horvat in neutral zone.
0:31 of 3rd period - Wrist shot by Mattias Janmark.
0:31 of 3rd period - Stopped by John Gibson without a rebound.
0:32 of 3rd period - Mattias Janmark wins face-off versus Jay Beagle in Maroons zone.
1:12 of 3rd period - Minor Penalty to Pierre-Luc Dubois for Interference.
1:13 of 3rd period - Bobby Ryan wins face-off versus Bo Horvat in Maroons zone.
1:28 of 3rd period - Wrist shot by Jesper Bratt.
1:28 of 3rd period - Stopped by John Gibson without a rebound.
1:29 of 3rd period - Bo Horvat wins face-off versus Bobby Ryan in Maroons zone.
1:56 of 3rd period - Ryan McDonagh is hit by Fredrik Claesson and loses puck.
3:12 of 3rd period - Penalty to Pierre-Luc Dubois is over, Pierre-Luc Dubois is back on ice.
3:27 of 3rd period - Slapshot by Torey Krug.
3:27 of 3rd period - Deflect By Jay Beagle.
3:27 of 3rd period - Goal by Jay Beagle - Maple Leafs : 2 - Maroons : 5.
3:28 of 3rd period - Nikolaj Ehlers wins face-off versus Jay Beagle in neutral zone.
3:30 of 3rd period - Off-side.
3:31 of 3rd period - Jay Beagle wins face-off versus Blake Comeau in neutral zone.
3:58 of 3rd period - Snap shot by Bobby Ryan.
3:58 of 3rd period - Shot Misses the Net.
4:04 of 3rd period - Slapshot by Jacob Trouba.
4:04 of 3rd period - Deflect By Bo Horvat.
4:04 of 3rd period - Shot Blocked by Dmitry Kulikov.
4:04 of 3rd period - Puck is out of play.
4:05 of 3rd period - Jay Beagle wins face-off versus Bobby Ryan in Maple Leafs zone.
4:06 of 3rd period - Wrist shot by Bryan Rust.
4:06 of 3rd period - Shot Misses the Net.
4:08 of 3rd period - Slapshot by Bryan Rust.
4:08 of 3rd period - Stopped by Anders Nilsson with a rebound.
4:10 of 3rd period - Slapshot by Cal Clutterbuck.
4:10 of 3rd period - Shot Misses the Net.
4:12 of 3rd period - Snap shot by Bryan Rust.
4:12 of 3rd period - Shot Misses the Net.
4:14 of 3rd period - Slapshot by Carl Gunnarsson.
4:14 of 3rd period - Stopped by Anders Nilsson with a rebound.
4:16 of 3rd period - Snap shot by Bryan Rust.
4:16 of 3rd period - Deflect By Cal Clutterbuck.
4:16 of 3rd period - Stopped by Anders Nilsson without a rebound.
4:17 of 3rd period - Brendan Gallagher wins face-off versus Bobby Ryan in Maple Leafs zone.
4:18 of 3rd period - Wrist shot by Bo Horvat.
4:18 of 3rd period - Shot Misses the Net.
4:20 of 3rd period - Slapshot by Brendan Gallagher.
4:20 of 3rd period - Stopped by Anders Nilsson with a rebound.
4:28 of 3rd period - Snap shot by Bo Horvat.
4:28 of 3rd period - Stopped by Anders Nilsson with a rebound.
4:30 of 3rd period - Slapshot by Ryan McDonagh.
4:30 of 3rd period - Shot Hit the Post.
4:32 of 3rd period - Slapshot by Ryan McDonagh.
4:32 of 3rd period - Stopped by Anders Nilsson without a rebound.
4:33 of 3rd period - Jay Beagle wins face-off versus Mattias Janmark in Maple Leafs zone.
5:02 of 3rd period - Snap shot by Nick Schmaltz.
5:02 of 3rd period - Stopped by Anders Nilsson with a rebound.
5:10 of 3rd period - Snap shot by Mattias Janmark.
5:10 of 3rd period - Shot Blocked by Noah Juulsen.
5:12 of 3rd period - Wrist shot by Blake Comeau.
5:12 of 3rd period - Shot Misses the Net.
5:30 of 3rd period - Slapshot by Nikolaj Ehlers.
5:30 of 3rd period - Shot Misses the Net.
5:35 of 3rd period - Icing by Noah Juulsen.
5:36 of 3rd period - Nick Schmaltz wins face-off versus Bobby Ryan in Maroons zone.
6:38 of 3rd period - Wrist shot by Ilya Kovalchuk.
6:38 of 3rd period - Stopped by John Gibson without a rebound.
6:39 of 3rd period - Michael McCarron wins face-off versus Bo Horvat in Maroons zone.
7:32 of 3rd period - Off-side.
7:33 of 3rd period - Frederik Gauthier wins face-off versus Mattias Janmark in neutral zone.
7:38 of 3rd period - Wrist shot by Pontus Aberg.
7:38 of 3rd period - Deflect By Nick Ritchie.
7:38 of 3rd period - Stopped by Anders Nilsson with a rebound.
8:00 of 3rd period - Snap shot by Bo Horvat.
8:00 of 3rd period - Shot Blocked by Jake Debrusk.
8:09 of 3rd period - Slapshot by Brendan Gallagher.
8:09 of 3rd period - Stopped by Anders Nilsson with a rebound.
8:18 of 3rd period - Off-side.
8:19 of 3rd period - Jay Beagle wins face-off versus Bobby Ryan in neutral zone.
9:12 of 3rd period - Frederik Gauthier is hit by Michael McCarron and loses puck.
9:19 of 3rd period - Slapshot by Jake Debrusk.
9:19 of 3rd period - Shot Blocked by Torey Krug.
9:33 of 3rd period - Wrist shot by Nick Schmaltz.
9:33 of 3rd period - Deflect By Zack Kassian.
9:33 of 3rd period - Shot Misses the Net.
9:33 of 3rd period - Puck is out of play.
9:34 of 3rd period - Nick Schmaltz wins face-off versus Bobby Ryan in Maple Leafs zone.
9:39 of 3rd period - Wrist shot by Nick Schmaltz.
9:39 of 3rd period - Shot Misses the Net.
9:47 of 3rd period - Wrist shot by Bobby Ryan.
9:47 of 3rd period - Stopped by John Gibson without a rebound.
9:48 of 3rd period - Mattias Janmark wins face-off versus Bo Horvat in Maroons zone.
9:49 of 3rd period - Snap shot by Nikolaj Ehlers.
9:49 of 3rd period - Stopped by John Gibson without a rebound.
9:50 of 3rd period - Mattias Janmark wins face-off versus Bo Horvat in Maroons zone.
10:23 of 3rd period - Minor Penalty to Blake Comeau for High sticking.
10:24 of 3rd period - Jay Beagle wins face-off versus Bobby Ryan in Maple Leafs zone.
10:58 of 3rd period - Snap shot by Brendan Gallagher.
10:58 of 3rd period - Shot Misses the Net.
11:00 of 3rd period - Snap shot by Bo Horvat.
11:00 of 3rd period - Shot Misses the Net.
12:00 of 3rd period - Icing by Cal Clutterbuck.
12:01 of 3rd period - Jay Beagle wins face-off versus Alex Iafallo in Maroons zone.
12:23 of 3rd period - Penalty to Blake Comeau is over, Blake Comeau is back on ice.
12:44 of 3rd period - Snap shot by Jake Debrusk.
12:44 of 3rd period - Stopped by John Gibson with a rebound.
12:54 of 3rd period - Backhand shot by Alex Iafallo.
12:54 of 3rd period - Deflect By Alexander Kerfoot.
12:54 of 3rd period - Shot Blocked by Ryan McDonagh.
12:54 of 3rd period - Puck is out of play.
12:55 of 3rd period - Matthew Highmore wins face-off versus Bo Horvat in Maroons zone.
13:06 of 3rd period - Snap shot by Josh Archibald.
13:06 of 3rd period - Stopped by John Gibson with a rebound.
13:08 of 3rd period - Snap shot by Dmitry Kulikov.
13:08 of 3rd period - Stopped by John Gibson without a rebound.
13:09 of 3rd period - Bo Horvat wins face-off versus Bobby Ryan in Maroons zone.
13:16 of 3rd period - Snap shot by Brendan Gallagher.
13:16 of 3rd period - Stopped by Anders Nilsson without a rebound.
13:17 of 3rd period - Pierre-Luc Dubois wins face-off versus Bobby Ryan in Maple Leafs zone.
13:22 of 3rd period - Snap shot by Pierre-Luc Dubois.
13:22 of 3rd period - Shot Misses the Net.
13:54 of 3rd period - Wrist shot by Bo Horvat.
13:54 of 3rd period - Shot Blocked by Michael McCarron.
14:10 of 3rd period - Slapshot by Bo Horvat.
14:10 of 3rd period - Goal by Bo Horvat - Maple Leafs : 2 - Maroons : 6.
14:11 of 3rd period - Jay Beagle wins face-off versus Jesper Bratt in neutral zone.
14:18 of 3rd period - Wrist shot by Cal Clutterbuck.
14:18 of 3rd period - Stopped by Anders Nilsson without a rebound.
14:19 of 3rd period - Jay Beagle wins face-off versus Bobby Ryan in Maple Leafs zone.
14:32 of 3rd period - Icing by Bobby Ryan.
14:33 of 3rd period - Bo Horvat wins face-off versus Bobby Ryan in Maple Leafs zone.
14:44 of 3rd period - Snap shot by Bobby Ryan.
14:44 of 3rd period - Stopped by John Gibson with a rebound.
14:46 of 3rd period - Backhand shot by Jesper Bratt.
14:46 of 3rd period - Shot Misses the Net.
14:48 of 3rd period - Wrist shot by Dmitry Kulikov.
14:48 of 3rd period - Shot Misses the Net.
14:56 of 3rd period - Slapshot by Bobby Ryan.
14:56 of 3rd period - Stopped by John Gibson with a rebound.
14:58 of 3rd period - Slapshot by Mikhail Sergachev.
14:58 of 3rd period - Stopped by John Gibson without a rebound.
14:59 of 3rd period - Jay Beagle wins face-off versus Blake Comeau in Maroons zone.
14:59 of 3rd period - Jay Beagle is hit by Ryan Stanton.
15:07 of 3rd period - Wrist shot by Blake Comeau.
15:07 of 3rd period - Stopped by John Gibson without a rebound.
15:08 of 3rd period - Mattias Janmark wins face-off versus Bryan Rust in Maroons zone.
15:27 of 3rd period - Snap shot by Jay Beagle.
15:27 of 3rd period - Shot Misses the Net.
15:57 of 3rd period - Slapshot by Torey Krug.
15:57 of 3rd period - Stopped by Anders Nilsson without a rebound.
15:58 of 3rd period - Bo Horvat wins face-off versus Bobby Ryan in Maple Leafs zone.
16:25 of 3rd period - Off-side.
16:26 of 3rd period - Nick Schmaltz wins face-off versus Jake Debrusk in neutral zone.
16:31 of 3rd period - Wrist shot by Alexander Kerfoot.
16:31 of 3rd period - Stopped by Anders Nilsson without a rebound.
16:32 of 3rd period - Bo Horvat wins face-off versus Bobby Ryan in Maple Leafs zone.
16:56 of 3rd period - Brendan Gallagher is hit by Jesper Bratt and loses puck.
17:01 of 3rd period - Wrist shot by Bobby Ryan.
17:01 of 3rd period - Stopped by John Gibson without a rebound.
17:02 of 3rd period - Jay Beagle wins face-off versus Mattias Janmark in Maroons zone.
18:05 of 3rd period - Icing by Fredrik Claesson.
18:06 of 3rd period - Frederik Gauthier wins face-off versus Mattias Janmark in Maple Leafs zone.
18:15 of 3rd period - Wrist shot by Travis Dermott.
18:15 of 3rd period - Shot Blocked by Torey Krug.
18:17 of 3rd period - Wrist shot by Blake Comeau.
18:17 of 3rd period - Deflect By Mattias Janmark.
18:17 of 3rd period - Stopped by John Gibson with a rebound.
18:35 of 3rd period - Slapshot by Bo Horvat.
18:35 of 3rd period - Shot Misses the Net.
18:52 of 3rd period - Off-side.
18:53 of 3rd period - Jay Beagle wins face-off versus Michael McCarron in neutral zone.
18:55 of 3rd period - Jay Beagle and Mikhail Sergachev fight to a draw.
18:55 of 3rd period - Penalty to Jay Beagle for Fighting.
18:55 of 3rd period - Penalty to Mikhail Sergachev for Fighting.
18:56 of 3rd period - Bobby Ryan wins face-off versus Bo Horvat in Maple Leafs zone.
18:56 of 3rd period - Bobby Ryan is hit by Jacob Trouba.
19:01 of 3rd period - Ilya Kovalchuk is hit by Bo Horvat and loses puck.
Goals for this period are 0 for Maple Leafs vs 2 for Maroons.
Shots for this period are 14 for Maple Leafs vs 15 for Maroons.